 Dungeon Crawl Stone Soup version 0.30.1-4-g462c640d31 (webtiles) character file.

Game seed: 4937007922822180982

90673 porada001 the Severer (level 15, -3/217 HPs)
             Began as a Minotaur Fighter on Aug 24, 2023.
             Was the Champion of the Shining One.
             Succumbed to an emperor scorpion's poison
             ... on level 2 of the Spider Nest on Aug 25, 2023.
             The game lasted 01:40:46 (26574 turns).

porada001 the Severer (Minotaur Fighter)           Turns: 26574, Time: 01:40:46

Health: -3/217     AC: 22    Str: 26    XL:     15   Next: 52%
Magic:  15/15      EV: 16    Int:  5    God:    the Shining One [******]
Gold:   3157       SH: 15    Dex: 13    Spells: 14/14 levels left

rFire   + . .        a - +7 war axe (flame)
rCold   . . .        c - +2 buckler
rNeg    + + +        w - +5 chain mail "Apsiytir" {Contam rF- rN+++ rCorr}
rPois   .            Y - +2 hat
rElec   +            f - scarf of Oblivion {harm, Str+3}
rCorr   +            (no gloves)
SInv    .            G - +1 pair of boots
Will    ++...        B - amulet of reflection Stlth
                     M - ring of Sydav {rF++ Will+ Dex-2}
HPRegen 0.56/turn    P - ring "Itytes" {Fly rElec EV+5}
MPRegen 0.14/turn

%: harm (+30% outgoing, +20% incoming), reflection
@: berserking (expiring), lethally poisoned (-3 -> -44), flying, glowing,
studying 2 skills, very quick
A: horns 2, retaliatory headbutt
a: Renounce Religion, Divine Shield, Cleansing Flame, Summon Divine Warrior,
Brand Weapon With Holy Wrath


You were on level 2 of the Spider Nest.
You worshipped the Shining One.
The Shining One was exalted by your worship.
You visited 7 branches of the dungeon, and saw 26 of its levels.
You also visited: Sewer.

You collected 3157 gold pieces.

Inventory:

Hand Weapons
 a - a +7 war axe of flaming (weapon)
 b - the +8 trishula "Condemnation" {holy, anguish, *Noise Fly rN+}
   (You found it on level 9 of the Dungeon)

   rN:        It protects you from negative energy.
   Fly:       It grants you flight.
   *Noise:    It may make noises in combat.
Missiles
 d - 3 throwing nets
Armour
 c - a +2 buckler (worn)
 f - the scarf of Oblivion (worn) {harm, Str+3}
   (You found it on level 13 of the Dungeon)

   Str:       It affects your strength (+3).
 w - the +5 chain mail "Apsiytir" (worn) {Contam rF- rN+++ rCorr}
   (You found it on level 3 of the Dungeon)

   rF:        It makes you vulnerable to fire.
   rN:        It renders you almost immune to negative energy.
   Contam:    It causes magical contamination when unequipped.
   rCorr:     It protects you from acid and corrosion.
 G - a +1 pair of boots (worn)
 Y - a +2 hat (worn)
Jewellery
 o - a ring of willpower
 p - a ring of resist corrosion
 r - an amulet of guardian spirit
 u - a ring of magical power
 v - a ring of ice
 B - an amulet of reflection (around neck)
 H - a ring of fire
 J - a ring of protection from cold
 K - a ring of see invisible
 M - the ring of Sydav (left hand) {rF++ Will+ Dex-2}
   (You found it on level 2 of the Lair of Beasts)

   [ring of willpower]

   Dex:       It affects your dexterity (-2).
   rF:        It greatly protects you from fire.
   Will:      It increases your willpower.
 P - the ring "Itytes" (right hand) {Fly rElec EV+5}
   (You acquired it on level 10 of the Dungeon)

   [ring of evasion]

   EV:        It affects your evasion (+5).
   rElec:     It insulates you from electricity.
   Fly:       It grants you flight.
 Q - a ring of resist corrosion
Wands
 m - a wand of flame (10)
 y - a wand of digging (9)
 C - a wand of iceblast (17)
Scrolls
 g - a scroll of poison
 h - 5 scrolls of magic mapping
 i - 6 scrolls of teleportation
 j - 4 scrolls of vulnerability
 k - 5 scrolls of blinking
 n - 3 scrolls of fear
 q - 10 scrolls of identify
 T - a scroll of brand weapon
 X - 5 scrolls of amnesia
 Z - 4 scrolls of noise
Potions
 e - a potion of curing
 l - 2 potions of haste
 s - a potion of magic
 t - 8 potions of flight
 x - 5 potions of brilliance
 A - a potion of heal wounds (quivered)
 D - 3 potions of cancellation
 E - 4 potions of lignification
 F - 3 potions of invisibility
 N - 2 potions of mutation {unknown}
 W - a potion of berserk rage
Miscellaneous
 z - a lightning rod (4/4)
 R - a condenser vane
 S - a phial of floods
 U - a piece from Xom's chessboard (15/15)
 V - a phantom mirror


   Skills:
 + Level 16.4 Fighting
 + Level 17.7(19.2) Axes
 + Level 12.7(16.7) Polearms
 + Level 14.0 Armour
 + Level 6.5 Dodging
 + Level 2.5 Stealth
 + Level 16.1 Shields
 + Level 1.3 Invocations
 + Level 2.4 Evocations


You had 14 spell levels left.
You didn't know any spells.
Your spell library contained the following spells:

 Spells                   Type           Power      Damage    Failure   Level
 Foxfire                  Conj/Fire      0%         2x1d4     88%         1
 Kiss of Death            Conj/Necr      0%         2d5       88%         1
 Sandblast                Erth           0%         2d4       88%         1
 Blink                    Tloc           0%         N/A       96%         2
 Ensorcelled Hibernation  Hex/Ice        0%         N/A       96%         2
 Lesser Beckoning         Tloc           0%         N/A       96%         2
 Momentum Strike          Conj/Tloc      0%         3d8       96%         2
 Passwall                 Tmut/Erth      0%         N/A       96%         2
 Scorch                   Fire           0%         2d5       96%         2
 Call Canine Familiar     Summ           0%         N/A       99%         3
 Confusing Touch          Hex            0%         N/A       99%         3
 Inner Flame              Hex/Fire       0%         N/A       99%         3
 Portal Projectile        Hex/Tloc       0%         N/A       99%         3
 Spider Form              Tmut/Pois      0%         N/A       99%         3
 Stone Arrow              Conj/Erth      0%         3d7       99%         3
 Volatile Blastmotes      Fire/Tloc      0%         2d10      99%         3
 Anguish                  Hex/Necr       0%         N/A       100%        4
 Animate Armour           Summ/Erth      0%         N/A       100%        4
 Dispel Undead            Necr           0%         3d6       100%        4
 Flame Wave               Conj/Fire      0%         2d4       100%        4
 Fulminant Prism          Conj/Hex       0%         3d5       100%        4
 Iskenderun's Mystic Bla  Conj/Tloc      0%         2d3       100%        4
 Leda's Liquefaction      Hex/Erth       0%         N/A       100%        4
 Sticky Flame             Conj/Fire      0%         2d3       100%        4
 Summon Lightning Spire   Summ/Air       0%         N/A       100%        4
 Blade Hands              Tmut           0%         N/A       100%        5
 Fireball                 Conj/Fire      0%         3d3       100%        5
 Lee's Rapid Deconstruct  Erth           0%         3d4*      100%        5
 Iron Shot                Conj/Erth      0%         9d1       100%        6
 Plasma Beam              Fire/Air       0%         2x1d11    100%        6
 Starburst                Conj/Fire      0%         6d3       100%        6
 Summon Cactus Giant      Summ           0%         N/A       100%        6
 Storm Form               Tmut/Air       0%         N/A       100%        7
 Maxwell's Capacitive Co  Air            0%         ∞         100%        8


Dungeon Overview and Level Annotations

Branches:
Dungeon (14/15)            Temple (1/1) D:5            Lair (5/5) D:9
  Swamp (0/4) Lair:2       Spider (2/4) Lair:3        Slime (1/5) Lair:5
    Orc (2/2) D:9             Elf (1/3) Orc:2         Sewer (visited)
 Vaults: D:13-14

Altars:
Ashenzari
Dithmenos
Elyvilon
Hepliaklqana
Makhleb
Nemelex Xobeh
Qazlal
Ru
Sif Muna
Vehumet
Xom
Yredelemnul
The Shining One
Jiyva

Shops:
D:5 *!   D:7 =   Orc:1 (([(   Orc:2 ?[?=

Annotations:
D:14 Azrael


Innate Abilities, Weirdness & Mutations

You have a pair of horns on your head.
You reflexively headbutt those who attack you in melee.


Message History

The emperor scorpion claws you but does no damage.
You block the emperor scorpion's attack.
You hit the emperor scorpion but do no damage.
Your headbutt misses the emperor scorpion.
The emperor scorpion is heavily wounded.
You feel extremely sick.
You slash the emperor scorpion! You burn the emperor scorpion.
You headbutt the emperor scorpion, but do no damage.
The emperor scorpion is severely wounded.
* * * LOW HITPOINT WARNING * * *
You feel extremely sick.
You block the emperor scorpion's attack. x2
The emperor scorpion claws you but does no damage.
You hit the emperor scorpion but do no damage.
You headbutt the emperor scorpion, but do no damage.
The emperor scorpion is severely wounded.
* * * LOW HITPOINT WARNING * * *
You feel extremely sick.
You block the emperor scorpion's attack.
The emperor scorpion claws you.
* * * LOW HITPOINT WARNING * * *
The emperor scorpion claws you but does no damage.
Unknown command.
You slash the emperor scorpion! You burn the emperor scorpion.
You headbutt the emperor scorpion, but do no damage.
The emperor scorpion is almost dead.
* * * LOW HITPOINT WARNING * * *
You feel extremely sick.
You slash the emperor scorpion! You burn the emperor scorpion.
You kill the emperor scorpion!
* * * LOW HITPOINT WARNING * * *
You feel extremely sick.
A ghost moth comes into view.
Found 5 poisoned darts.
* * * LOW HITPOINT WARNING * * *
You feel extremely sick.
You feel a strong urge to attack something.
* * * LOW HITPOINT WARNING * * *
You feel extremely sick.
You die...

..............#.##.#....
........####..###.......
......#.# #....####....
........## #...#.##.....
...y.....###...#.###....
...............### ##...
##..##...†# ##..
#...##....# #.@......##
#....##..# #.#
#....##..# ..#
#.........# ..##
#...##....# #.^.
##..##..... #.#.
........#######...
#..##..... #†##...
#.#....


There were no monsters in sight!

Vanquished Creatures
  Rupert (Spider:1)
  An emperor scorpion (Spider:2)
  A broodmother (Spider:1)
  4 entropy weavers
  7 hydras
  Harold (Orc:1)
  A boulder beetle (D:14)
  4 two-headed ogres
  A centaur warrior (D:13)
  A vampire mage (D:12)
  3 sun demons (D:12)
  Nergalle (Lair:3)
  A deep elf knight (Elf:1)
  A soul eater (D:12)
  A skyshark (Lair:5)
  Amaemon (Lair:3)
  2 deep elf archers (Elf:1)
  2 wizards (D:14)
  Pikel (D:7)
  2 orc knights
  6 wolf spiders
  An oklob plant (Lair:3)
  5 deep elf zephyrmancers (Elf:1)
  3 ugly things
  A cyclops (D:14)
  2 black mambas
  A rust devil (D:12)
  8 elephants
  5 demonic crawlers
  A torpor snail (Lair:5)
  11 cane toads
  An orange demon (Lair:3)
  A freezing wraith (D:14)
  6 rime drakes
  2 efreet
  2 tengu conjurers
  2 ice devils (D:12)
  A red devil (D:12)
  13 komodo dragons
  4 trolls
  7 polar bears
  A hellwing (D:12)
  A hornet (shapeshifter) (D:13)
  5 tarantellas
  7 hornets (Lair:5)
  Prince Ribbit (D:7)
  12 blink frogs
  7 jumping spiders
  Sigmund (D:4)
  13 spriggans (Lair:5)
  Eustachio (D:4)
  3 wyverns
  8 vampires
  2 wraiths
  60 yaks
  A fire elemental (D:14)
  A neqoxec (D:12)
  A steam dragon (D:8)
  4 basilisks
  40 redbacks
  14 vampire mosquitoes
  2 swamp worms (Lair:2)
  17 water moccasins
  3 acid dragons
  36 orc warriors
  5 sky beasts
  4 black bears
  An ice beast (D:6)
  6 ogres
  20 wolves
  3 boggarts (Lair:5)
  15 centaurs
  A lemure (D:7)
  2 kobold brigands
  10 bullfrogs
  3 scorpions
  16 wights
  9 killer bees
  10 howler monkeys
  A lava snake (Lair:2)
  3 hounds
  3 quasits (D:12)
  4 jellies
  2 gnoll boudas
  8 orc priests
  A sleepcap (D:7)
  3 iguanas
  Natasha (thrice) (D:4)
  18 orc wizards
  10 adders
  5 gnolls
  A shadow imp (D:3)
  4 white imps
  2 ufetubi
  A worm (D:2)
  71 orcs
  14 ball pythons
  7 bats
  8 endoplasms
  15 giant cockroaches
  10 goblins
  6 hobgoblins
  A jackal (Sewer)
  4 quokkas
  6 frilled lizards
  20 kobolds
  12 rats
709 creatures vanquished.

Vanquished Creatures (collateral kills)
  An orc warrior (Orc:2)
1 creature vanquished.

Vanquished Creatures (others)
  A hydra (Lair:2)
  A boulder beetle (D:9)
  A sun demon (D:12)
  A deep elf pyromancer (Elf:1)
  A cane toad (Lair:4)
  A komodo dragon (Lair:5)
  A troll (D:10)
  A wolf (Lair:5)
8 creatures vanquished.

Grand Total: 718 creatures vanquished

Notes
Turn   | Place    | Note
-------+----------+-------------------------------------------
     0 | D:1      | porada001 the Minotaur Fighter began the quest for the Orb.
     0 | D:1      | Reached XP level 1. HP: 19/19 MP: 0/0
   138 | D:1      | Reached XP level 2. HP: 27/27 MP: 1/1
   347 | D:1      | Found a faded altar of an unknown god.
   501 | D:1      | Reached skill level 3 in Axes
   525 | D:1      | Reached XP level 3. HP: 33/33 MP: 2/2
  1348 | D:2      | Reached XP level 4. HP: 40/40 MP: 3/3
  1877 | D:3      | Found a sacrificial altar of Ru.
  1922 | D:3      | Found a glowing drain.
  1950 | Sewer    | Entered a sewer
  2006 | Sewer    | Noticed a kobold brigand
  2011 | Sewer    | Killed a kobold brigand
  2012 | Sewer    | Reached skill level 4 in Axes
  2012 | Sewer    | Reached XP level 5. HP: 24/46 MP: 4/4
  2098 | Sewer    | Found a white marble altar of Elyvilon.
  2439 | D:3      | Reached skill level 5 in Axes
  2441 | D:3      | Identified the +5 chain mail "Apsiytir" {Contam rF- rN+++
                  | rCorr}
  2912 | D:4      | Reached skill level 5 in Armour
  2962 | D:4      | Noticed Natasha
  2967 | D:4      | Killed Natasha
  2968 | D:4      | Reached XP level 6. HP: 52/53 MP: 5/5
  2993 | D:4      | Noticed Natasha
  2997 | D:4      | Killed Natasha
  3211 | D:4      | Noticed Natasha
  3216 | D:4      | Killed Natasha
  3217 | D:4      | Reached skill level 1 in Dodging
  3248 | D:4      | Noticed Eustachio
  3263 | D:4      | Reached skill level 6 in Axes
  3288 | D:4      | Killed Eustachio
  3289 | D:4      | Reached XP level 7. HP: 60/60 MP: 6/6
  3474 | D:4      | Reached skill level 7 in Axes
  3536 | D:4      | Noticed Sigmund
  3543 | D:4      | Killed Sigmund
  3544 | D:4      | Reached skill level 5 in Fighting
  3548 | D:4      | Identified a scroll of acquirement
  3548 | D:4      | Acquired 703 gold pieces
  3647 | D:4      | HP: 3/61 [cloud of flame (21)]
  4068 | D:5      | Entered Level 5 of the Dungeon
  4205 | D:6      | Reached skill level 8 in Axes
  4224 | D:6      | Reached skill level 5 in Shields
  4224 | D:6      | Reached XP level 8. HP: 36/69 MP: 2/7
  4227 | D:5      | Found Loena's Distillery.
  4267 | D:5      | Noticed a two-headed ogre
  4274 | D:5      | Killed a two-headed ogre
  4275 | D:5      | Reached skill level 9 in Axes
  4754 | D:5      | Reached skill level 10 in Axes
  4834 | D:5      | Found a staircase to the Ecumenical Temple.
  4880 | Temple   | Entered the Ecumenical Temple
  4888 | Temple   | Became a worshipper of the Shining One
  4962 | D:5      | Reached XP level 9. HP: 72/78 MP: 5/8
  5079 | D:5      | Found a hazy altar of Hepliaklqana.
  5113 | D:5      | Found a white marble altar of Elyvilon.
  5286 | D:5      | Found Litehuuq's Fire Supplies.
  5677 | D:6      | Reached skill level 11 in Axes
  6078 | D:7      | Noticed Pikel
  6083 | D:7      | Killed Pikel
  6084 | D:7      | Reached skill level 12 in Axes
  6173 | D:7      | Reached * piety under the Shining One
  6337 | D:7      | Found a flagged portal.
  6368 | D:7      | Reached XP level 10. HP: 88/88 MP: 9/9
  6393 | D:7      | Found Bugex's One-of-a-Kind Rings.
  6418 | D:7      | Noticed Prince Ribbit
  6423 | D:7      | Killed Prince Ribbit
  7496 | D:8      | Reached skill level 13 in Axes
  7496 | D:8      | Reached skill level 1 in Stealth
  8018 | D:9      | Found a staircase to the Orcish Mines.
  8105 | D:9      | Reached skill level 14 in Axes
  8134 | D:9      | Reached ** piety under the Shining One
  8187 | D:9      | Reached XP level 11. HP: 95/97 MP: 10/10
  8206 | D:9      | Noticed a two-headed ogre
  8211 | D:9      | Killed a two-headed ogre
  8256 | D:9      | Noticed an eight-headed hydra
  8268 | D:9      | Killed a 15-headed hydra
  8447 | D:9      | Found the +8 trishula "Condemnation" {holy, anguish, *Noise
                  | Fly rN+}
  8594 | D:9      | Reached skill level 1 in Polearms
  8686 | D:9      | Noticed a boulder beetle
  8701 | D:9      | Killed a boulder beetle
  8702 | D:9      | Reached skill level 10 in Fighting
  8869 | D:9      | Found a staircase to the Lair.
  9321 | Lair:1   | Entered Level 1 of the Lair of Beasts
  9346 | Lair:1   | Reached skill level 5 in Polearms
  9349 | Lair:1   | Reached skill level 15 in Axes
  9894 | Lair:1   | Reached skill level 1 in Evocations
 10751 | Lair:2   | Reached skill level 10 in Armour
 10768 | Lair:2   | Reached XP level 12. HP: 104/108 MP: 9/11
 10819 | Lair:2   | Noticed a six-headed hydra
 10827 | Lair:2   | Killed a two-headed hydra
 10945 | Lair:2   | Noticed a seven-headed hydra
 10955 | Lair:2   | Killed a seven-headed hydra
 11835 | Lair:2   | Identified the ring of Sydav {rF++ Will+ Dex-2}
 11963 | Lair:2   | Noticed a seven-headed hydra
 11966 | Lair:2   | Noticed an eight-headed hydra
 11969 | Lair:2   | Killed a five-headed hydra
 11973 | Lair:2   | Killed a seven-headed hydra
 11983 | Lair:2   | Found a staircase to the Swamp.
 12291 | Lair:3   | Found a stormy altar of Qazlal.
 12383 | Lair:3   | Noticed Amaemon
 12383 | Lair:3   | Reached *** piety under the Shining One
 12401 | Lair:3   | Killed Amaemon
 12402 | Lair:3   | Reached skill level 5 in Dodging
 12528 | Lair:3   | Reached skill level 16 in Axes
 12589 | Lair:3   | Noticed Nergalle
 12600 | Lair:3   | Killed Nergalle
 12863 | Lair:3   | Reached XP level 13. HP: 70/122 MP: 7/12
 12961 | Lair:3   | Found a hole to the Spider Nest.
 14456 | Lair:5   | Entered Level 5 of the Lair of Beasts
 14635 | Lair:5   | Reached skill level 10 in Shields
 14939 | Lair:5   | Reached **** piety under the Shining One
 15012 | Lair:5   | Reached skill level 10 in Polearms
 15920 | Lair:5   | Found a viscous altar of Jiyva.
 15922 | Lair:5   | Found a staircase to the Slime Pits.
 15967 | Lair:5   | Reached XP level 14. HP: 133/133 MP: 13/13
 16253 | Slime:1  | Entered Level 1 of the Pits of Slime
 16257 | Slime:1  | Noticed an azure jelly
 16262 | Slime:1  | Noticed an acid blob
 17004 | Orc:1    | Entered Level 1 of the Orcish Mines
 17056 | Orc:1    | Found Xyxy's Antique Weapon Emporium.
 17074 | Orc:1    | Noticed Harold
 17075 | Orc:1    | Found Koxamer's Weapon Emporium.
 17086 | Orc:1    | Killed Harold
 17368 | Orc:2    | Entered Level 2 of the Orcish Mines
 17730 | Orc:2    | Found Wauts's Magic Scroll Shop.
 17730 | Orc:2    | Found Astru's Antique Armour Emporium.
 17895 | Orc:2    | Found Caitt's Magic Scroll Shoppe.
 17897 | Orc:2    | Found Kuhafe's Jewellery Boutique.
 17976 | Orc:2    | Found a staircase to the Elven Halls.
 17992 | Orc:2    | Reached skill level 15 in Fighting
 18113 | Orc:2    | Reached skill level 1 in Invocations
 18134 | Orc:2    | Reached skill level 17 in Axes
 18739 | Orc:1    | Found Iklodag's Antique Armour Emporium.
 18804 | Orc:1    | Found Saneilio's Antique Weapon Boutique.
 19047 | Elf:1    | Entered Level 1 of the Elven Halls
 19587 | D:10     | Entered Level 10 of the Dungeon
 19783 | D:10     | Reached ***** piety under the Shining One
 19810 | D:10     | Acquired the ring "Itytes" {Fly rElec EV+5}
 20470 | D:11     | Found a shadowy altar of Dithmenos.
 22708 | D:12     | Found a basalt altar of Yredelemnul.
 23103 | D:13     | Identified the scarf of Oblivion {harm, Str+3}
 23786 | D:14     | Reached XP level 15. HP: 143/143 MP: 14/14
 23901 | D:14     | Noticed Azrael
 23915 | D:14     | Reached ****** piety under the Shining One
 24895 | Spider:1 | Entered Level 1 of the Spider Nest
 25847 | Spider:1 | Reached skill level 15 in Shields
 26028 | Spider:1 | Noticed Rupert
 26041 | Spider:1 | Killed Rupert
 26555 | Spider:2 | Noticed an emperor scorpion
 26571 | Spider:2 | Killed an emperor scorpion
 26573 | Spider:2 | HP: 5/217 [poisoned by an emperor scorpion]
 26574 | Spider:2 | Succumbed to an emperor scorpion's poison

Illustrated notes

Levels and vault maps discovered:
D:1:      dpeg_arrival_rooms_b, layout_basic, nicolae_ecumenical_snake_handling
D:2:      layout_loops_corners
D:3:      layout_basic, mainiacjoe_overflow_cross_hatched, gup_sewer_entry_pipe,
          kennysheep_path_1, minmay_puff
D:4:      kennysheep_six_static_rooms, layout_basic, chequers_garden,
          uniq_sigmund, uniq_eustachio, uniq_natasha
D:5:      minmay_inner_zag, layout_gridville,
          mainiacjoe_overflow_catwalk_spiral, minmay_temple_entry_tees,
          glass_columns_a, nicolae_stop_n_shop_1, nicolae_shop_fire_sale
          [nicolae_sub_dead_trees]
D:6:      layout_rooms, corexii_item_surrounded_by_moat, corexii_hall_statues_s,
          minmay_fractal_squares_diagonal_5
D:7:      layout_loops_ring, enter_bailey_3, nicolae_shop_unique_rings,
          uniq_prince_ribbit1, uniq_pikel
D:8:      layout_loops_ring
D:9:      minmay_the_grid_plus [minmay_the_grid_spikes,
          minmay_the_grid_plusring, minmay_the_grid_diamond_grid,
          minmay_the_grid_paths, minmay_the_grid_prize_diamond_cup],
          layout_irregular_city, serial_co_window_serial, co_window_corner_a,
          co_window_cross_1, co_window_corner_a, co_window_cross_1,
          co_window_corner_a, co_window_paths_a, co_window_paths_a,
          co_window_paths_b, co_window_corner_a, co_window_2corner,
          co_window_corner_cb, co_window_unsneaky_path_b, co_window_paths_c,
          glass_columns_a, glass_columns_a, glass_columns_a,
          dreamdust_wishing_well
D:10:     layout_irregular_city
D:11:     layout_grid_maze, nicolae_dithmenos_through_a_glass_darkly
D:12:     layout_roguey, serial_demonic, serial_demonic_a, serial_demonic_c,
          serial_demonic_d, serial_demonic_d, hangedman_decor_peaks_small,
          nicolae_nh_vlads_tower
D:13:     layout_long_grid
D:14:     layout_long_grid, erik_vaults_1, dk_noncrumbling_2, uniq_azrael
Temple:   hellmonk_temple_of_storms
Lair:1:   layout_roguey, chequers_serial_rivers_large_b, columned_hall_lemuel,
          chequers_serial_rivers_large_a
Lair:2:   layout_gridlike, palyth_hydra_swamp_entry, serial_bayou_shore_a
Lair:3:   layout_gridlike, spider_nest_entry_a, nicolae_volcano_entry_s_turn,
          chequers_serial_rivers_micro_c, lemuel_oklob_altar, uniq_amaemon,
          uniq_nergalle
Lair:4:   layout_loops_ring
Lair:5:   minmay_lair_end_enchanted_forest, layout_misc_corridors,
          slime_entry_1, grunt_megastairs_4
Spider:1: layout_spider_delve, spiders_nest_spider_trap, uniq_rupert
Spider:2: layout_chambers, nicolae_spider_cling_halls,
          hangedman_spider_tarantella_strand
Slime:1:  layout_caves
Orc:1:    layout_caves, serial_shops, nicolae_shop_window_shopping,
          nicolae_shop_window_shopping, nicolae_shop_peninsula, shop,
          mines2_lemuel, uniq_harold
Orc:2:    st_orc_rangers, layout_caves, basic_altar,
          portal_ice_cave_entry_pillars_2
Elf:1:    eino_elf_arrival_sip, layout_geoelf_octagon, serial_shops,
          nicolae_shop_hallway_stairs, minmay_elf_annihilation, minmay_shop_star

Skill      XL: |  1  2  3  4  5  6  7  8  9 10 11 12 13 14 15 |
---------------+----------------------------------------------+-----
Armour         | 4 5 6 7 9 10 11 12 13 14 | 14.0
Fighting       | 4 5 6 7 9 10 13 14 15 16 | 16.4
Shields        | 4 5 6 7 8 9 11 14 16 | 16.1
Axes           | 3 4 5 6 8 10 12 14 15 16 17 | 17.7
Dodging        | 1 2 3 4 5 6 |  6.5
Stealth        | 1 2 |  2.5
Polearms       | 6 7 10 12 | 12.7
Evocations     | 1 2 |  2.4
Invocations    | 1 |  1.3

Action                     |  1- 3 |  4- 6 |  7- 9 | 10-12 | 13-15 || total
---------------------------+-------+-------+-------+-------+-------++-------
  Melee: War axe           |    82 |   172 |   183 |   356 |   625 ||  1418
         Headbutt          |    11 |    27 |    30 |   136 |   282 ||   486
         Trishula          |       |       |       |    90 |   347 ||   437
 Invoke: Divine Shield     |       |       |       |     2 |     3 ||     5
         Cleansing Flame   |       |       |       |       |     1 ||     1
  Evoke: Wand              |       |       |     2 |     1 |    17 ||    20
         Condenser vane    |       |       |       |     1 |     1 ||     2
         Lightning rod     |       |       |       |       |     7 ||     7
         Phial of floods   |       |       |       |       |     1 ||     1
         Phantom mirror    |       |       |       |       |     1 ||     1
    Use: Potion            |       |     2 |     3 |     1 |    19 ||    25
         Scroll            |       |       |    14 |    12 |    11 ||    37
 Armour: Scale mail        |    43 |     1 |       |       |       ||    44
         Plate armour      |       |    57 |       |       |       ||    57
         Chain mail        |       |    80 |   116 |   191 |   391 ||   778
  Dodge: Dodged            |    39 |    70 |    70 |   134 |   403 ||   716
  Block: Buckler           |    19 |    40 |    39 |   121 |   548 ||   767
         Reflection        |       |       |       |       |    75 ||    75
